 Dungeon Crawl Stone Soup version 0.17-a0-1769-g54adf96 (console) character file.

46 Illiel the Shooter (level 3, -5/23 HPs)
             Began as a High Elf Arcane Marksman on Sept 7, 2015.
             Killed from afar by an orc wizard (9 damage)
             ... with a puff of flame
             ... on level 3 of the Dungeon.
             The game lasted 00:06:40 (1095 turns).

Illiel the Shooter (High Elf Arcane Marksman)       Turns: 1095, Time: 00:06:40

Health: -5/23      AC:  6    Str: 10    XL:     3   Next: 44%
Magic:  3/6        EV: 11    Int: 16    God:
Gold:   72         SH:  0    Dex: 16    Spells: 2 memorised, 2 levels left

rFire  . . .     SeeInvis .     b - -1 falchion
rCold  . . .     Clarity  .     t - +0 ring mail
rNeg   . . .     SustAt   .     (no shield)
rPois  .         Gourm    .     j - +0 helmet
rElec  .         Spirit   .     (no cloak)
rCorr  .         Warding  .     (no gloves)
rMut   .         Stasis   +     (no boots)
MR     .....                    i - amulet of stasis
Stlth  +.........               (no ring)
                                (no ring)

@: very slightly contaminated, not resistant to hostile enchantments, very
unstealthy
A: no striking features
a: no special abilities


You were on level 3 of the Dungeon.
You were not hungry.

You visited 1 branch of the dungeon, and saw 3 of its levels.

You collected 72 gold pieces.

Inventory:

Hand weapons
 a - a +0 shortbow
 b - a -1 falchion (weapon)
Missiles
 h - 4 arrows
Armour
 c - a +0 robe
 j - a +0 helmet (worn)
 t - a +0 ring mail (worn)
Jewellery
 i - an amulet of stasis (around neck)
Magical devices
 n - a wand of fireball (5)
Scrolls
 f - a scroll of remove curse
 g - 2 scrolls of amnesia {unknown}
 k - a scroll of teleportation {unknown}
 p - a scroll of enchant armour {unknown}
Potions
 l - a potion of flight
 m - a potion of poison
Books
 d - a book of Debilitation

   Spells                             Type                      Level
   a - Corona                         Hexes                        1
   b - Slow                           Hexes                        2
   c - Gell's Gravitas                Hexes/Translocation          3
   d - Inner Flame                    Hexes/Fire                   3
   e - Cause Fear                     Hexes                        4
   f - Leda's Liquefaction            Hexes/Earth                  4
Comestibles
 e - 3 bread rations
 q - a slice of pizza
 r - 4 chunks of flesh
 s - a meat ration


   Skills:
 + Level 1.4 Fighting
 * Level 0.2 Long Blades
 * Level 3.4 Bows
 + Level 0.3 Armour
 + Level 2.7 Dodging
 + Level 0.5 Stealth
 + Level 1.8 Spellcasting
 + Level 3.2 Hexes


You had 2 spell levels left.
You knew the following spells:

 Your Spells              Type           Power        Failure   Level  Hunger
a - Corona                Hex            ##.....      17%         1    ##.....
b - Slow                  Hex            ##......     24%         2    ###....


Dungeon Overview and Level Annotations

Branches:
Dungeon (3/15)

Altars:
Cheibriados
Dithmenos
Kikubaaqudgha
Okawaru


Message History

Okay, then.
Evoke which item? (* to show all) (? for menu, Esc to quit)
Zapping:
n - a wand of fireball (6)
Press: ? - help, Shift-Dir - straight line That beam is likely to hit you.
Continue anyway?
Okay, then.
Evoke which item? (* to show all) (? for menu, Esc to quit)
Zapping:
n - a wand of fireball (6)
Press: ? - help, Shift-Dir - straight line
Okay, then.
Something hits you but does no damage.
Evoke which item? (* to show all) (? for menu, Esc to quit)
Zapping:
n - a wand of fireball (6)
Press: ? - help, Shift-Dir - straight line The fireball explodes!
The fireball engulfs something.
This wand has 5 charges left.
You hear some strange, mumbled words.
A puff of flame appears from out of thin air!
The puff of flame hits you!
You die...

▒▒▒▒▒▒▒▒▒▒▒
∙∙∙∙∙∙∙∙∙∙▒▒
∙∙∙∙∙∙∙∙∙∙∙▒▒
∙∙∙>∙∙∙∙∙∙∙∙▒
∙∙∙∙∙?∙∙∙∙∙∙▒
∙∙∙∙∙∙∙∙∙∙∙∙▒
∙∙!∙∙∙∙∙∙∙∙∙▒▒▒▒
∙∙∙∙∙)∙∙∙∙∙∙▒∙∙▒▒
∙∙∙∙∙(∙∙∙∙∙▒∙∙∙∙▒▒▒
∙∙∙∙∙∙∙((∙∙∙∙∙∙@∙∙▒
∙∙▒▒▒▒▒▒▒▒∙∙∙∙)<∙∙▒
∙ ▒▒▒∙∙)∙▒▒▒ ▒▒∙∙▒▒
▒▒▒▒


There were no monsters in sight!

Vanquished Creatures
  An ooze (D:1)
  A worm (D:2)
  2 orcs (D:3)
  A ball python (D:2)
  2 giant cockroaches (D:1)
  5 hobgoblins
  4 jackals (D:2)
  6 bats
  A giant newt (D:1)
  6 goblins (D:1)
  3 kobolds
  3 rats
35 creatures vanquished.

Notes
Turn   | Place    | Note
--------------------------------------------------------------
     0 | D:1      | Illiel the High Elf Arcane Marksman began the quest for the Orb.
     0 | D:1      | Reached XP level 1. HP: 13/13 MP: 3/3
   150 | D:1      | Reached XP level 2. HP: 18/18 MP: 5/5
   558 | D:2      | Reached XP level 3. HP: 21/23 MP: 6/6
   579 | D:2      | Learned a level 2 spell: Slow
   742 | D:2      | Found an iron altar of Okawaru.
   744 | D:2      | Found a shadowy altar of Dithmenos.
   804 | D:2      | Found an ancient bone altar of Kikubaaqudgha.
  1024 | D:2      | Found a snail-covered altar of Cheibriados.
  1095 | D:3      | Killed from afar by an orc wizard

Vault maps used:
D:1:      minmay_arrival_semitransparent
D:2:      forest_paths, nicolae_overflow_hidden_temple, lemuel_round_altar,
          serial_bayou_pond_b
D:3:      minmay_cut_off, uniq_jessica, uniq_sigmund

Action                   || total
-------------------------++-------
Melee: Short sword       ||     6
       Falchion          ||    26
 Fire: Shortbow          ||    93
 Cast: Corona            ||     4
       Slow              ||     3
Evoke: Wand              ||     2
  Use: Scroll            ||     4
  Eat: Chunk             ||     1
